 Dungeon Crawl Stone Soup version 0.25-a0-865-gd392131cc7 (webtiles) character file.

Game seed: 8054506338854945632, levelgen mode: deterministic

55069 Joeren the Archer (level 14, 0/129 HPs)
             Began as a Centaur Hunter on Apr 28, 2020.
             Was a High Priest of Fedhas.
             Slain by a harpy (9 damage)
             ... on level 1 of the Shoals on Apr 30, 2020.
             The game lasted 03:29:55 (34002 turns).

Joeren the Archer (Centaur Hunter)                 Turns: 34002, Time: 03:29:55

Health: 0/129      AC: 19    Str: 18    XL:     14   Next: 36%
Magic:  21/32      EV:  6    Int: 11    God:    Fedhas [*****.]
Gold:   1442       SH:  0    Dex: 11    Spells: 13/13 levels left

rFire    + . .     SeeInvis .   b - +2 spear (venom)
rCold    . . .     Gourm    .   (no shield)
rNeg     . . .     Faith    .   y - +3 chain mail {rF+}
rPois    .         Spirit   .   d - +0 helmet of Okawaru's Respect {MR+ MP+9} (curse)
rElec    .         Reflect  .   J - +2 cloak
rCorr    +         Harm     .   V - +0 pair of gloves
MR       +++..                  (no barding)
Stlth    ..........             c - amulet of the acrobat
HPRegen  0.31/turn              N - ring of protection from magic
MPRegen  0.23/turn              W - ring of resist corrosion

@: very slightly contaminated, very quick
A: large, hooves 3, deformed body, speed 2, tough skin 3
a: Wall of Briars, Grow Ballistomycete, Overgrow, Grow Oklob, Renounce Religion


You were on level 1 of the Shoals.
You worshipped Fedhas.
Fedhas was extremely pleased with you.
You were hungry.

You visited 5 branches of the dungeon, and saw 23 of its levels.

You collected 1717 gold pieces.
You spent 275 gold pieces at shops.

Inventory:

Hand Weapons
 a - a +1 vorpal shortbow
 b - a +2 spear of venom (weapon)
 w - a +1 vorpal fustibalus
Missiles
 l - 7 silver boomerangs
 B - 70 arrows
 F - a javelin (quivered)
 K - 13 boomerangs
Armour
 d - the cursed +0 helmet of Okawaru's Respect (worn) {MR+ MP+9}
   (You bought it in a shop on level 2 of the Orcish Mines)

   It affects your resistance to hostile enchantments.
   It affects your magic capacity (+9).
   It has a curse placed upon it.
 k - a +0 troll leather armour
 y - a +3 chain mail of fire resistance (worn)
 A - a +0 helmet
 J - a +2 cloak (worn)
 V - a +0 pair of gloves (worn)
Jewellery
 c - an amulet of the acrobat (around neck)
 t - an uncursed ring of protection from cold
 N - a ring of protection from magic (left hand)
 W - a ring of resist corrosion (right hand)
Wands
 e - a wand of polymorph (8)
 j - a wand of clouds (5)
 r - a wand of scattershot (7)
 x - a wand of digging (5)
 Q - a wand of flame (23)
Scrolls
 h - 3 scrolls of identify
 n - 8 scrolls of teleportation
 o - 10 scrolls of remove curse
 q - 3 scrolls of blinking
 s - 5 scrolls of amnesia
 u - 6 scrolls of enchant weapon
 D - 6 scrolls of fear
 I - 2 scrolls of fog
 O - 6 scrolls of enchant armour
 U - a scroll of magic mapping
Potions
 g - 3 potions of brilliance {unknown}
 i - 3 potions of haste
 m - 4 potions of curing
 p - 2 potions of ambrosia
 v - a potion of stabbing
 z - 2 potions of berserk rage {unknown}
 C - a potion of heal wounds {unknown}
 E - a potion of might {unknown}
 G - a potion of cancellation
 H - a potion of magic {unknown}
 M - a potion of experience {unknown}
 R - a potion of flight
 S - 3 potions of resistance {unknown}
 T - a potion of invisibility {unknown}
Comestibles
 f - 23 rations


   Skills:
 + Level 13.1 Fighting
 - Level 14.0 Bows
 + Level 8.8 Armour
 - Level 2.0 Dodging
 - Level 0.4 Stealth
 + Level 13.0 Invocations
 + Level 9.0 Evocations


You had 13 spell levels left.
You didn't know any spells.
Your spell library contained the following spells:

 Spells                   Type           Power        Failure   Level  Hunger
 Animate Skeleton         Necr           N/A          97%         1    ##.....
 Apportation              Tloc           #.....       97%         1    ##.....
 Corona                   Hex            #......      97%         1    ##.....
 Freeze                   Ice            #...         97%         1    ##.....
 Summon Small Mammal      Summ           #...         97%         1    ##.....
 Call Imp                 Summ           #.......     99%         2    ###....
 Ensorcelled Hibernation  Hex/Ice        #.....       99%         2    ###....
 Call Canine Familiar     Summ           #.......     100%        3    ####...
 Confusing Touch          Hex            #.......     100%        3    ####...
 Dazzling Flash           Conj/Hex       #.....       100%        3    ####...
 Frozen Ramparts          Ice            #.....       100%        3    ####...
 Ozocubu's Armour         Chrm/Ice       #.......     100%        3    ####...
 Summon Guardian Golem    Hex/Summ       #.......     100%        3    ####...
 Tukima's Dance           Hex            #.......     100%        3    ####...
 Hailstorm                Conj/Ice       #.......     100%        4    #####..
 Summon Ice Beast         Ice/Summ       #.......     100%        4    #####..
 Summon Lightning Spire   Summ/Air       #.......     100%        4    #####..
 Lightning Bolt           Conj/Air       #.........   100%        5    ######.


Dungeon Overview and Level Annotations

Branches:
Dungeon (14/15)            Temple (1/1) D:7            Lair (5/6) D:11
 Shoals (1/4) Lair:3       Spider (0/4) Lair:4          Orc (2/2) D:10
    Elf (0/3) Orc:2        Vaults (0/5) D:14
  Slime: Lair:5-6

Altars:
Ashenzari
Cheibriados
Dithmenos
Elyvilon
Fedhas
Gozag
Hepliaklqana
Kikubaaqudgha
Makhleb
Nemelex Xobeh
Okawaru
Ru
Sif Muna
Trog
Uskayaw
Vehumet
Wu Jian
Xom
Yredelemnul
Zin
The Shining One

Shops:
Orc:1 !   Orc:2 *}*%

Annotations:
D:9 DANGER PSYCHE!, Psyche
D:14 !FUN Fight Club, Urug
Lair:5 Kirke, Sonja


Innate Abilities, Weirdness & Mutations

You have hooves in place of feet.
Armour fits poorly on your strangely shaped body.
You cover ground very quickly.
You have extremely tough skin. (AC +3)


Message History

a - a +1 vorpal shortbow (weapon)
The harpy claws your oklob plant! x2; The harpy claws your briar patch!
The harpy claws your briar patch.
The harpy claws your briar patch but does no damage.
The harpy claws your briar patch.
Firing (i - inventory. (/) - cycle)
B - 71 arrows (quivered)
Press: ? - help, Shift-Dir - straight line, f - harpy
Aim: a harpy (heavily wounded)
You shoot an arrow. The arrow hits the harpy.
The harpy is severely wounded.
The harpy claws your oklob plant. x2; The harpy claws your briar patch!
Your briar patch is destroyed!
The harpy is struck by your briar patch's thorns.
The harpy claws your briar patch but does no damage. x2
The harpy claws your oklob plant! x2
Your +2 spear of venom begins to drip with poison!
b - a +2 spear of venom (weapon)
The harpy claws you!
You die...
Fedhas appreciates your contribution to the ecosystem.

......≈≈P......
......P(P≈...........
..#...≈≈≈≈.........≈≈
..c#..#≈(m.........≈≈
. ####≈..≈........≈≈
#...[.......≈≈≈
......HHP..≈≈≈≈
....###PH..≈≈≈≈
.(..[.P@P.≈≈≈≈≈
....≈.PPP.≈≈≈≈≈
≈≈≈≈.....≈≈≈≈≈≈
..≈≈≈..≈≈≈≈≈≈≈≈
...m≈.≈≈≈≈≈≈≈≈≈
....≈..≈.≈≈≈≈≈≈
....≈≈≈≈≈≈≈≈≈≈≈
≈..≈≈≈≈≈≈≈≈≈≈≈≈


You could see a merfolk siren, a water nymph, 3 harpies and a friendly oklob
plant.

Vanquished Creatures
  Harold (Lair:1)
  An ogre mage (Orc:1)
  6 hydras
  9 two-headed ogres
  A queen ant (Lair:4)
  5 orc high priests
  3 death yaks
  2 wizards (D:13)
  An unseen horror (D:11)
  An orc knight (Orc:1)
  3 deep elf magi
  A cyclops (Orc:2)
  A faun (Lair:3)
  An ugly thing (D:11)
  An orc sorcerer (Orc:2)
  A black mamba (Lair:2)
  2 spiny frogs
  A centaur skeleton (D:10)
  2 gargoyles
  2 komodo dragons
  2 rime drakes
  An efreet (D:13)
  2 trolls
  3 slime creatures (D:13)
  9 hippogriffs
  4 dream sheep (Lair:4)
  3 blink frogs (Lair:1)
  Sigmund (D:2)
  A water elemental (D:11)
  3 humans
  43 yaks
  7 hogs
  3 fire bats
  3 wyverns
  3 hungry ghosts
  3 basilisks
  9 wargs
  7 water moccasins
  12 soldier ants
  17 orc warriors
  8 porcupines
  2 sky beasts
  5 ice beasts
  An eye of draining (D:11)
  4 phantoms
  2 black bears (D:6)
  A necrophage (D:7)
  10 ogres
  13 wolves
  8 centaurs
  7 crocodiles
  2 big kobolds
  Blork the orc (D:5)
  14 bullfrogs
  2 gnoll sergeants
  4 jellies
  6 scorpions
  5 killer bees (D:12)
  6 wights
  A howler monkey (D:6)
  9 crimson imps
  3 centaur zombies
  7 hounds
  A bullfrog zombie (D:5)
  Crazy Yiuf (D:3)
  29 orc wizards
  24 orc priests
  3 bullfrog skeletons
  A gnoll shaman (D:6)
  5 iguanas
  8 worker ants
  2 hell rats
  2 hound zombies
  2 hound skeletons
  2 howler monkey skeletons
  15 gnolls
  13 adders
  6 shadow imps
  2 oozes
  2 adder skeletons
  3 worms
  4 dart slugs
  8 leopard geckos
  50 orcs
  5 giant cockroaches
  6 goblins
  9 hobgoblins
  3 jackals (D:4)
  6 quokkas
  6 ball pythons
  A ball python skeleton (D:4)
  4 bats
  A frilled lizard (D:2)
  13 kobolds
  A leopard gecko skeleton (D:6)
  2 quokka skeletons
  A quokka zombie (D:7)
  11 rats
554 creatures vanquished.

Vanquished Creatures (collateral kills)
  A centaur warrior (D:13)
  A two-headed ogre (Orc:2)
  A torpor snail (Lair:4)
  A spiny frog (Lair:1)
  A vampire (D:11)
  2 yaks (Lair:1)
  A warg (Orc:1)
  A water moccasin (Lair:1)
  A wolf (Lair:2)
  A howler monkey (D:11)
  An orc (Orc:1)
  25 ballistomycete spores
37 creatures vanquished.

Vanquished Creatures (others)
  2 hounds
  A shadow imp (D:9)
  14 fungi
  5 plants
22 creatures vanquished.

Grand Total: 613 creatures vanquished

Notes
Turn   | Place    | Note
-------+----------+-------------------------------------------
     0 | D:1      | Joeren the Centaur Hunter began the quest for the Orb.
     0 | D:1      | Reached XP level 1. HP: 17/17 MP: 1/1
   238 | D:1      | Reached XP level 2. HP: 22/24 MP: 2/2
   795 | D:1      | Reached skill level 6 in Bows
   795 | D:1      | Reached XP level 3. HP: 30/30 MP: 3/3
  1656 | D:2      | Noticed Sigmund
  1673 | D:2      | Killed Sigmund
  1673 | D:2      | Reached skill level 7 in Bows
  1673 | D:2      | Reached XP level 4. HP: 19/38 MP: 4/4
  1673 | D:2      | Reached XP level 5. HP: 22/45 MP: 5/5
  2137 | D:2      | Reached skill level 8 in Bows
  2439 | D:2      | Reached XP level 6. HP: 51/52 MP: 6/6
  2645 | D:5      | Entered Level 5 of the Dungeon
  3294 | D:3      | Found a runed translucent door.
  3295 | D:3      | Noticed Crazy Yiuf
  3308 | D:3      | Killed Crazy Yiuf
  3845 | D:4      | Reached skill level 9 in Bows
  3888 | D:4      | Found a snail-covered altar of Cheibriados.
  4051 | D:4      | Reached XP level 7. HP: 51/60 MP: 7/7
  4473 | D:4      | Found a blossoming altar of Fedhas.
  4505 | D:4      | Became a worshipper of Fedhas Madash
  4625 | D:4      | Reached skill level 10 in Bows
  4802 | D:5      | Noticed a hungry ghost
  4817 | D:5      | Killed a hungry ghost
  4817 | D:5      | Reached skill level 5 in Fighting
  4870 | D:5      | Noticed Blork the orc
  4906 | D:5      | Killed Blork the orc
  5066 | D:5      | Reached skill level 11 in Bows
  5066 | D:5      | Reached XP level 8. HP: 69/69 MP: 8/8
  5573 | D:5      | Reached skill level 1 in Invocations
  6186 | D:6      | Paralysed by a centaur for 7 turns
  6227 | D:6      | Reached * piety under Fedhas
  6227 | D:6      | Reached skill level 12 in Bows
  6979 | D:6      | Found an ornate altar of the Wu Jian Council.
  6981 | D:6      | Found a radiant altar of Vehumet.
  7026 | D:6      | Found a bloodstained altar of Trog.
  7246 | D:6      | Reached XP level 9. HP: 76/78 MP: 11/11
  7596 | D:7      | Found an iron altar of Okawaru.
  7677 | D:7      | Reached skill level 13 in Bows
  7978 | D:7      | Found a staircase to the Ecumenical Temple.
  8021 | Temple   | Entered the Ecumenical Temple
  8189 | D:7      | Found a burning altar of Makhleb.
  8459 | D:7      | Reached ** piety under Fedhas
  8637 | D:7      | Found a hide-covered altar of Uskayaw.
  8737 | D:7      | Reached skill level 1 in Armour
  9535 | D:8      | Reached skill level 5 in Invocations
  9637 | D:8      | Found a sacrificial altar of Ru.
 10064 | D:8      | Reached skill level 14 in Bows
 10179 | D:8      | Found a glowing golden altar of the Shining One.
 10197 | D:8      | Reached XP level 10. HP: 70/87 MP: 14/14
 10300 | D:8      | Noticed a two-headed ogre
 10371 | D:8      | Killed a two-headed ogre
 10489 | D:8      | Reached *** piety under Fedhas
 11242 | D:10     | Entered Level 10 of the Dungeon
 11552 | D:9      | Found a shimmering altar of Xom.
 11786 | D:9      | Found an ancient bone altar of Kikubaaqudgha.
 11824 | D:9      | Noticed Psyche
 11850 | D:9      | Noticed a two-headed ogre
 11852 | D:9      | HP: 3/90 [something/puff of frost (5)]
 12642 | D:11     | Noticed a two-headed ogre
 12671 | D:10     | Killed a two-headed ogre
 12671 | D:10     | Reached skill level 1 in Evocations
 13038 | D:10     | Reached XP level 11. HP: 55/97 MP: 17/17
 13583 | D:10     | Found a staircase to the Orcish Mines.
 13593 | Orc:1    | Entered Level 1 of the Orcish Mines
 13992 | D:11     | Noticed a death yak
 14034 | D:11     | Noticed a death yak
 14048 | D:11     | Killed a death yak
 14055 | D:11     | Noticed a death yak
 14290 | D:10     | Killed a death yak
 14471 | D:11     | Noticed a two-headed ogre
 14498 | D:10     | Killed a two-headed ogre
 14614 | D:10     | Killed a death yak
 14614 | D:10     | Reached skill level 10 in Fighting
 14614 | D:10     | Reached skill level 5 in Armour
 14761 | D:11     | Killed an unseen horror
 14935 | D:11     | Found a staircase to the Lair.
 15699 | Lair:1   | Entered Level 1 of the Lair of Beasts
 15978 | Lair:1   | Noticed an eight-headed hydra
 16000 | Lair:1   | Killed a seven-headed hydra
 16536 | Lair:1   | You fall into a shaft and drop 1 floor!
 16825 | Lair:1   | Reached XP level 12. HP: 26/108 MP: 16/19
 17399 | Lair:1   | Noticed Harold
 17423 | Lair:1   | Killed Harold
 17621 | Lair:2   | Reached skill level 10 in Invocations
 17874 | Lair:2   | Got a transparent dagger
 17875 | Lair:2   | Identified the +7 dagger of the Open Hand {venom, Dex+3}
                  | (You found it on level 2 of the Lair of Beasts)
 17903 | Lair:2   | Noticed an eight-headed hydra
 18043 | Lair:2   | Killed an eight-headed hydra
 18043 | Lair:2   | Reached skill level 5 in Evocations
 18861 | Lair:2   | Noticed a seven-headed hydra
 18876 | Lair:2   | Killed a seven-headed hydra
 19907 | Lair:3   | Noticed a seven-headed hydra
 19926 | Lair:3   | Killed a seven-headed hydra
 19983 | Lair:3   | Found a staircase to the Shoals.
 19995 | Shoals:1 | Entered Level 1 of the Shoals
 20929 | Lair:4   | Noticed a five-headed hydra
 20959 | Lair:3   | Killed a five-headed hydra
 21024 | Lair:4   | Reached **** piety under Fedhas
 21118 | Lair:4   | Reached XP level 13. HP: 117/117 MP: 21/21
 21804 | Lair:4   | Found a hole to the Spider Nest.
 23187 | Lair:5   | Noticed Kirke
 23434 | Lair:5   | Noticed Sonja
 24567 | Lair:5   | Noticed an entropy weaver
 25556 | D:12     | Reached ***** piety under Fedhas
 27464 | D:13     | Identified Ts'ui Pên's Papyrus of Forking Paths
 27479 | D:13     | Identified the Tome of Dhcmrlchtdj
 27555 | D:13     | Identified Feaplis's Catalogue of Sand
 28029 | D:14     | Found a gate to the Vaults.
 28029 | D:14     | Noticed Urug
 28443 | Orc:2    | Entered Level 2 of the Orcish Mines
 28510 | Orc:1    | Found Viweteq's Distillery.
 29179 | Orc:2    | Upgraded the game from 0.25-a0-860-gf695395b5c to
                  | 0.25-a0-865-gd392131cc7
 29216 | Orc:2    | Reached XP level 14. HP: 109/127 MP: 23/23
 29494 | Orc:2    | HP: 5/127 [something[the player character] (30)]
 30195 | Orc:2    | Found a staircase to the Elven Halls.
 31579 | Orc:2    | Found Finae's General Store.
 31579 | Orc:2    | Found Caef's Assorted Antiques.
 31580 | Orc:2    | Found Luifom's Gadget Boutique.
 31585 | Orc:2    | Found Tirph's Food Shop.
 33657 | Orc:2    | Bought a crude helmet for 275 gold pieces
 33669 | Orc:2    | Identified the cursed +0 helmet of Okawaru's Respect {MR+
                  | MP+9} (You bought it in a shop on level 2 of the Orcish
                  | Mines)
 34002 | Shoals:1 | Slain by a harpy

Levels and vault maps discovered:
D:1:      matt_arrival_grand_opening, layout_basic
D:2:      layout_rooms, uniq_sigmund
D:3:      layout_loops_ring, first_ration, uniq_crazy_yiuf_cottage
D:4:      layout_loops_ring, kennysheep_slug_shrine, fedhas_altar_fruit_tree
D:5:      layout_basic, uniq_blork_the_orc
D:6:      layout_basic, amethyst_overflow_temple_binary, hex_medium,
          trog_ov_bears_minmay
D:7:      layout_loops_corners, eat_drink_and_be_merry_uskayaw,
          minmay_temple_entry_waves, basic_altar, okawaru_humans
D:8:      layout_loops_ring, kennysheep_mini_moat, hangedman_ru_absence,
          grunt_livestock, serial_park_tiny_pond
D:9:      layout_basic, nicolae_qazlal_general_emergency, xom_confusion_cloud,
          marbit_many_paths, corexii_checkpoint_a, serial_park_tiny_pond,
          uniq_psyche
D:10:     layout_roguey, orc_0_dummy, minmay_misc_feat_alley,
          grunt_decor_mini_mirrors
D:11:     layout_long_grid, dpeg_lair_monsters, serial_bayou_ford_a,
          evilmike_minifort
D:12:     layout_loops_cross
D:13:     layout_rooms, bh_hangedman_babel_library
D:14:     layout_rooms, david_vaults_3, nicolae_gozag_seed_capital,
          small_statue_alley_a, minmay_starry_boxes
Temple:   nicolae_temple_x_marks_the_god
Lair:1:   layout_misc_corridors, minivault_27, grunt_megastairs_2, uniq_harold
Lair:2:   layout_regular_city
Lair:3:   layout_hall_layers, minmay_shoals_entry_centaurs
Lair:4:   layout_regular_city, dummy_spider_entry
Lair:5:   layout_gridlike, nicolae_slime_entry_slimehenge, zaba_antful_of_joy,
          uniq_kirke, uniq_sonja, uniq_nessos
Shoals:1: layout_shoals, serial_shops, nicolae_shop_statue_plus, shop_statue,
          nicolae_shop_waterfront, shop_fountains, shop, uniq_frances
Orc:1:    layout_caves, serial_shops, shop_statue, lightli_orcish_oven
Orc:2:    st_orc_mages, layout_caves, mines5_lemuel

Skill      XL: |  1  2  3  4  5  6  7  8  9 10 11 12 13 14 |
---------------+-------------------------------------------+-----
Bows           | 6 7 8 9 11 12 14 | 14.0
Fighting       | 3 4 5 6 7 9 10 11 12 13 | 13.1
Dodging        | 2 |  2.0
Invocations    | 3 5 8 9 11 12 13 | 13.0
Armour         | 2 4 5 7 8 |  8.8
Evocations     | 1 4 6 8 9 |  9.0
Stealth        | |  0.4

Action                   |  1- 3 |  4- 6 |  7- 9 | 10-12 | 13-15 || total
-------------------------+-------+-------+-------+-------+-------++-------
Melee: Short sword       |     9 |       |       |       |       ||     9
       Kick              |    15 |    32 |    45 |    99 |    65 ||   256
       Spear             |    59 |   167 |   226 |   433 |   326 ||  1211
       Flail             |       |       |       |     2 |       ||     2
       Scythe            |       |       |       |     2 |       ||     2
       Shortbow          |       |       |       |       |     1 ||     1
 Fire: Shortbow          |    22 |    55 |   333 |   677 |   924 ||  2011
Throw: Dart              |       |     3 |     2 |    10 |       ||    15
       Javelin           |       |     6 |     6 |     3 |     1 ||    16
       Boomerang         |       |       |       |       |     7 ||     7
Invok: Wall of Briars    |       |       |       |    14 |     9 ||    23
       Grow Ballistomyce |       |       |       |     5 |     3 ||     8
       Grow Oklob        |       |       |       |       |     1 ||     1
Evoke: Wand              |       |       |       |     9 |     1 ||    10
  Use: Potion            |       |     2 |     3 |     6 |     2 ||    13
       Scroll            |       |       |     7 |     8 |     7 ||    22
  Eat: Chunk             |     1 |     7 |    13 |    17 |    24 ||    62
       Ration            |       |       |     1 |     4 |     4 ||     9
Armor: Leather armour    |    31 |    73 |    73 |    83 |       ||   260
       Chain mail        |       |       |       |   160 |   322 ||   482
Dodge: Dodged            |    37 |    73 |    87 |   168 |   138 ||   503

Table legend:
 A = Non-vault XP
 B = Vault XP
 C = Vault XP percentage of total XP
 D = Non-vault monster count
 E = Vault monster count
 F = Vault count percentage of total count
                 A         B        C        D         E       F
            +---------+---------+-------+---------+---------+-------
      Total |   58908 |   19763 |  25.1 |     450 |     116 |  20.5
            +---------+---------+-------+---------+---------+-------
        D:1 |      63 |       0 |   0.0 |      21 |       0 |   0.0
        D:2 |      83 |     231 |  73.6 |      21 |       1 |   4.5
        D:3 |     112 |      42 |  27.3 |      22 |       1 |   4.3
        D:4 |     466 |       4 |   0.9 |      19 |       1 |   5.0
        D:5 |     715 |      91 |  11.3 |      16 |       1 |   5.9
        D:6 |     791 |     263 |  25.0 |      22 |       2 |   8.3
        D:7 |    1071 |     380 |  26.2 |      29 |       2 |   6.5
        D:8 |    2227 |     986 |  30.7 |      29 |       5 |  14.7
        D:9 |     916 |     278 |  23.3 |      18 |       6 |  25.0
       D:10 |    4175 |    1773 |  29.8 |      20 |       3 |  13.0
       D:11 |    4743 |     891 |  15.8 |      25 |       4 |  13.8
       D:12 |    4730 |       0 |   0.0 |      30 |       0 |   0.0
       D:13 |    3145 |    2601 |  45.3 |      11 |       4 |  26.7
     Lair:1 |    3880 |    1450 |  27.2 |      19 |       4 |  17.4
     Lair:2 |    7217 |       0 |   0.0 |      32 |       0 |   0.0
     Lair:3 |    6260 |     234 |   3.6 |      23 |       2 |   8.0
     Lair:4 |    7619 |    2423 |  24.1 |      33 |      12 |  26.7
     Lair:5 |     484 |     901 |  65.1 |       3 |       7 |  70.0
      Orc:1 |    2687 |    1131 |  29.6 |      21 |       8 |  27.6
      Orc:2 |    7524 |    6084 |  44.7 |      36 |      53 |  59.6
            +---------+---------+-------+---------+---------+-------
